 Dungeon Crawl Stone Soup version 0.27.1-15-g792fb953b9 (webtiles) character file.

Game seed: 4750569395097766691

5623 Findor the Cleaver (level 10, -3/68 (79) HPs)
             Began as a Demonspawn Gladiator on Nov 20, 2021.
             Was a Priest of Okawaru.
             Killed from afar by a necromancer (35 damage)
             ... with a bolt of negative energy
             ... on level 9 of the Dungeon.
             The game lasted 00:19:40 (11266 turns).

Findor the Cleaver (Demonspawn Gladiator)          Turns: 11266, Time: 00:19:40

HP:   -3/68 (79)    AC: 15    Str: 23    XL:     10   Next: 46%
MP:   10/10         EV: 12    Int:  9    God:    Okawaru [***...]
Gold: 593           SH:  4    Dex: 18    Spells: 9/9 levels left

rFire    + . .     SeeInvis .   a - +0 war axe
rCold    + . .     Faith    .   (no shield)
rNeg     . . .     Spirit   .   s - +1 scale mail of Wariness {rElec rF+ Will+}
rPois    +         Reflect  .   c - +0 helmet
rElec    +         Harm     .   B - +0 cloak
rCorr    .         Rampage  .   v - +2 pair of gloves
Will     +....                  j - +0 pair of boots
Stlth    ..........             (no amulet)
HPRegen  0.21/turn              e - +6 ring of strength
MPRegen  0.12/turn              f - ring of Pes Bauch {rPois rC+ Dex+2}

@: heavily drained
A: claws 2, large bone plates 1, ignite blood 1, powered by pain 2, hooves 1,
MP-powered wands
a: Renounce Religion, Heroism


You were on level 9 of the Dungeon.
You worshipped Okawaru.
Okawaru was most pleased with you.
You visited 2 branches of the dungeon, and saw 10 of its levels.

You collected 593 gold pieces.


Innate Abilities, Weirdness & Mutations

You have very sharp fingernails.
You are partially covered in large bone plates. (SH +4)
Your demonic aura sometimes causes spilled blood to erupt in flames.
You sometimes gain power by taking damage.
You have large cloven feet.
You expend magic power (3 MP) to strengthen your wands.


   Skills:
 + Level 7.3 Fighting
 * Level 10.1 Axes
 - Level 1.7 Throwing
 + Level 6.4 Armour
 + Level 4.6 Dodging
 + Level 3.6 Shields


You had 9 spell levels left.
You didn't know any spells.
Your spell library contained the following spells:

 Spells                   Type           Power      Damage    Failure   Level
 Foxfire                  Conj/Fire      0%         2x1d4     67%         1
 Slow                     Hex            0%         N/A       80%         2
 Confusing Touch          Hex            0%         N/A       95%         3
 Conjure Flame            Conj/Fire      0%         6-21      95%         3
 Gell's Gravitas          Tloc           0%         N/A       95%         3
 Inner Flame              Hex/Fire       0%         N/A       95%         3
 Lesser Beckoning         Tloc           0%         N/A       95%         3
 Teleport Other           Tloc           0%         N/A       95%         3
 Yara's Violent Unravell  Hex/Tmut       0%         3d3       100%        5

Inventory:

Hand Weapons
 a - a +0 war axe (weapon)
 b - a +0 hand axe of flaming
   (You took it off an orc on level 6 of the Dungeon)
Missiles
 d - 6 throwing nets {!f}
 i - 22 poisoned darts (quivered)
 q - 3 javelins
 z - 13 boomerangs
Armour
 c - a +0 helmet (worn)
 j - a +0 pair of boots (worn)
   (You found it on level 2 of the Dungeon)
 s - the +1 scale mail of Wariness (worn) {rElec rF+ Will+}
   (You took it off an orc on level 4 of the Dungeon)

   rF:        It protects you from fire.
   rElec:     It insulates you from electricity.
   Will:      It increases your willpower.
 v - a +2 pair of gloves (worn)
   (You found it on level 5 of the Dungeon)
 y - a +0 kite shield
   (You found it on level 6 of the Dungeon)
 B - a +0 cloak (worn)
   (You found it on level 4 of the Dungeon)
Jewellery
 e - a +6 ring of strength (left hand)
   (You found it on level 1 of the Dungeon)
 f - the ring of Pes Bauch (right hand) {rPois rC+ Dex+2}
   (You acquired it on level 8 of the Dungeon)

   [ring of poison resistance]

   Dex:       It affects your dexterity (+2).
   rC:        It protects you from cold.
   rPois:     It protects you from poison.
 h - a ring of positive energy
   (You found it on level 4 of the Dungeon)
Scrolls
 g - a scroll of enchant weapon
 k - a scroll of torment {unknown}
 n - a scroll of teleportation {unknown}
 o - 2 scrolls of silence
 r - a scroll of enchant armour {unknown}
 t - a scroll of brand weapon {unknown}
 w - 2 scrolls of amnesia {unknown}
 A - a scroll of holy word {!r}
 C - a scroll of fog {unknown}
Potions
 l - 2 potions of curing {@q1}
 m - a potion of flight
 p - a potion of magic
 u - a potion of ambrosia
 x - a potion of mutation {!q}


Message History

A necromancer and 2 simulacra come into view.
The necromancer shouts!
The wolf simulacrum barely misses you.
You slash the wolf simulacrum! Okawaru accepts your kill.
You hit the plant.
The plant begins to die.
You aren't carrying any items that you can evoke.
You close the door.
A necromancer opens the door.
Unknown command.
You hit the river rat simulacrum. You slash the plant!
A nearby plant withers and dies.
The river rat simulacrum barely misses you.
You slice the river rat simulacrum!!
The necromancer gestures at you while chanting.
You resist with some effort.
Found 6 stones.
You start waiting.
A necromancer is nearby!
The necromancer casts a spell at you. The bolt of negative energy hits you!!
You feel drained.
The necromancer casts a spell.
The necromancer binds the souls of nearby monsters.
You closely miss the necromancer.
The necromancer hits you but does no damage.
You barely miss the necromancer.
The necromancer hits you but does no damage.
You closely miss the necromancer. You block the necromancer's attack.
You barely miss the necromancer. The necromancer closely misses you.
You slash the necromancer!
The necromancer hits you but does no damage.
You slash the necromancer! The necromancer closely misses you.
You barely miss the necromancer.
The necromancer points at you and mumbles some strange words.
The bolt of negative energy hits you!
You feel drained.
* * * LOW HITPOINT WARNING * * *
You barely miss the necromancer.
The necromancer gestures wildly while chanting.
The necromancer binds the souls of nearby monsters.
You closely miss the necromancer.
The necromancer hits you but does no damage.
You hit the necromancer but do no damage.
The necromancer points at you and mumbles some strange words.
You resist with some effort.
You barely miss the necromancer. The necromancer closely misses you.
You completely miss the necromancer. The necromancer closely misses you.
You barely miss the necromancer. The necromancer casts a spell at you.
The bolt of negative energy hits you!!
You feel drained.
Ouch! That really hurt!
You die...

##..###.............#########.##.
..............................##.
#......#####..###.##############.
#..###.## #..# #.# #. #..# #..#
#..# #.#### #.
##.###..####..###....# ##
#......#............# #
###.##.#.######.....# #
#.......#....'@.⌠P.# #
#..##.#.#....#p....# #
#).##.#.#....#####.####### #
#))##.#.#... #.......### #
#).##.#.###. #.#.#.....#
#.......# ( #...#.....####
#.......##########.............
#####.#............#.#.....####
#.#.#.#.#........#.....####


You could see a necromancer.

Vanquished Creatures
  2 two-headed ogres
  Prince Ribbit (D:5)
  Eustachio (D:6)
  2 wyverns (D:9)
  A steam dragon (D:8)
  2 orc warriors (D:9)
  3 water moccasins
  2 ice beasts
  2 black bears
  2 necrophages
  3 ogres
  4 centaurs
  3 phantoms (D:5)
  2 bullfrogs
  3 scorpions
  A gnoll sergeant (D:8)
  A wyvern skeleton (D:7)
  A wight (D:6)
  6 howler monkeys
  2 bullfrog zombies
  An orc priest (D:3)
  2 jellies (D:6)
  Crazy Yiuf (D:5)
  A centaur zombie (D:6)
  3 centaur skeletons
  4 hounds
  3 iguanas
  Jessica (D:2)
  Natasha (thrice) (D:2)
  5 orc wizards
  A wolf simulacrum (D:9)
  A hound skeleton (D:4)
  10 adders
  8 gnolls
  A howler monkey skeleton (D:5)
  A shadow imp (D:6)
  A white imp (D:6)
  3 ufetubi
  4 adder skeletons (D:4)
  4 worms
  3 dart slugs
  22 orcs
  8 ball pythons
  A bat (D:2)
  5 endoplasms
  6 giant cockroaches
  A goblin (D:3)
  6 hobgoblins
  5 jackals
  5 kobolds
  3 quokkas
  3 frilled lizards
  5 rats
  A river rat simulacrum (D:9)
176 creatures vanquished.

Vanquished Creatures (others)
  3 fungi (D:5)
  A plant (D:9)
4 creatures vanquished.

Grand Total: 180 creatures vanquished

Notes
Turn   | Place    | Note
-------+----------+-------------------------------------------
     0 | D:1      | Findor the Demonspawn Gladiator began the quest for the
                  | Orb.
     0 | D:1      | Reached XP level 1. HP: 16/16 MP: 1/1
    15 | D:1      | Reached skill level 3 in Axes
    32 | D:1      | Gained mutation: You are partially covered in large bone
                  | plates. (SH +4) [demonic ancestry]
    32 | D:1      | Reached XP level 2. HP: 6/22 MP: 2/2
   417 | D:2      | Reached XP level 3. HP: 25/27 MP: 3/3
   478 | D:1      | Found a faded altar of an unknown god.
   693 | D:2      | Found a shimmering blue altar of Sif Muna.
   702 | D:2      | Reached skill level 4 in Axes
   783 | D:2      | Gained mutation: You expend magic power (3 MP) to
                  | strengthen your wands. [potion of mutation]
   783 | D:2      | Gained mutation: You have large cloven feet. [potion of
                  | mutation]
   785 | D:2      | Gained mutation: Your demonic aura sometimes causes spilled
                  | blood to erupt in flames. [demonic ancestry]
   785 | D:2      | Reached XP level 4. HP: 8/33 MP: 4/4
   786 | D:2      | HP: 6/33 [poisoned by an adder]
  1098 | D:2      | Noticed Jessica
  1102 | D:2      | Killed Jessica
  1103 | D:2      | Reached skill level 1 in Armour
  1327 | D:2      | Noticed Natasha
  1489 | D:2      | Killed Natasha
  1490 | D:2      | Reached XP level 5. HP: 39/39 MP: 5/5
  1709 | D:2      | Found a shimmering blue altar of Sif Muna.
  1942 | D:2      | Noticed Natasha
  1949 | D:2      | Killed Natasha
  2102 | D:2      | Found a shimmering blue altar of Sif Muna.
  2229 | D:2      | Noticed Natasha
  2235 | D:2      | Killed Natasha
  2236 | D:2      | Reached skill level 3 in Fighting
  2501 | D:3      | Reached skill level 5 in Axes
  3412 | D:4      | Gained mutation: You have sharp fingernails. [demonic
                  | ancestry]
  3412 | D:4      | Reached XP level 6. HP: 42/47 MP: 6/6
  3725 | D:3      | HP: 9/47 [orc priest (1)]
  3728 | D:3      | HP: 2/47 [orc priest/nerve-wracking pain (8)]
  4284 | D:4      | Gained mutation: You sometimes gain a little power by
                  | taking damage. [demonic ancestry]
  4284 | D:4      | Reached XP level 7. HP: 44/53 MP: 7/7
  4366 | D:4      | Identified the +1 scale mail of Wariness {rElec rF+ Will+}
  4373 | D:4      | Reached skill level 6 in Axes
  4663 | D:4      | Reached skill level 3 in Armour
  5298 | D:5      | Entered Level 5 of the Dungeon
  5390 | D:5      | Gained mutation: You sometimes gain power by taking damage.
                  | [demonic ancestry]
  5390 | D:5      | Reached XP level 8. HP: 58/61 MP: 8/8
  5415 | D:5      | Reached skill level 7 in Axes
  5500 | D:5      | Noticed Prince Ribbit
  5516 | D:5      | Killed Prince Ribbit
  6325 | D:5      | Found a runed translucent door.
  6326 | D:5      | Noticed Crazy Yiuf
  6341 | D:5      | HP: 11/59 [poisoned by Crazy Yiuf]
  6343 | D:5      | Killed Crazy Yiuf
  6345 | D:5      | HP: 5/61 [poisoned by Crazy Yiuf]
  6847 | D:6      | Found a blossoming altar of Fedhas.
  6950 | D:6      | Noticed Eustachio
  6957 | D:6      | Killed Eustachio
  6958 | D:6      | Reached skill level 8 in Axes
  7359 | D:6      | Identified the +1 robe of Sorybor {SInv}
  7403 | D:6      | Reached XP level 9. HP: 68/69 MP: 9/9
  7408 | D:6      | Reached skill level 6 in Fighting
  7543 | D:6      | Reached skill level 3 in Dodging
  7585 | D:6      | Reached skill level 1 in Shields
  7674 | D:6      | Noticed a cyclops
  7674 | D:6      | Noticed a two-headed ogre
  7854 | D:6      | Found a staircase to the Ecumenical Temple.
  7894 | Temple   | Entered the Ecumenical Temple
  8058 | Temple   | Became a worshipper of Warmaster Okawaru
  8331 | D:7      | Reached skill level 9 in Axes
  8459 | D:7      | Identified the +0 robe of Tenacity {rF+ Regen+ Str+4
                  | Stlth+}
  8541 | D:7      | Noticed a two-headed ogre
  8556 | D:7      | Killed a two-headed ogre
  8556 | D:7      | Reached * piety under Okawaru
  8556 | D:7      | Reached ** piety under Okawaru
  8589 | D:7      | HP: 8/71 [centaur/arrow (9)]
  9748 | D:8      | Acquired the ring of Pes Bauch {rPois rC+ Dex+2}
  9874 | D:8      | Gained mutation: You have very sharp fingernails. [demonic
                  | ancestry]
  9874 | D:8      | Reached XP level 10. HP: 72/77 MP: 10/10
 10367 | D:9      | Noticed a two-headed ogre
 10376 | D:9      | Killed a two-headed ogre
 10376 | D:9      | Reached *** piety under Okawaru
 10377 | D:9      | Reached skill level 6 in Armour
 10377 | D:9      | Reached skill level 3 in Shields
 10554 | D:9      | Reached skill level 10 in Axes
 11240 | D:9      | Noticed a necromancer
 11266 | D:9      | Killed from afar by a necromancer

Levels and vault maps discovered:
D:1:      minmay_arrival_semitransparent, layout_rooms,
          ebering_ecumenical_altar_petrified, due_unseen_surprise
D:2:      layout_rooms, basic_altar, uniq_natasha, uniq_jessica
D:3:      layout_loops_ring, hex_tiny
D:4:      layout_cave_pods, minmay_joined_circles
D:5:      layout_basic, uniq_crazy_yiuf_cottage, uniq_prince_ribbit1
D:6:      kennysheep_windowed_halls, layout_loops_ring,
          mainiacjoe_overflow_alcove_1, minmay_temple_entry_purple_smoke,
          uniq_eustachio
D:7:      layout_gridville
D:8:      layout_basic
D:9:      layout_loops_ring, eino_house_with_fridge
Temple:   minmay_crystal_snake_temple

Action                   |  1- 3 |  4- 6 |  7- 9 | 10-12 || total
-------------------------+-------+-------+-------+-------++-------
Melee: War axe           |    68 |   183 |   289 |    83 ||   623
       Kick              |       |     2 |       |       ||     2
Throw: Dart              |       |       |     5 |       ||     5
Invok: Heroism           |       |       |       |     1 ||     1
  Use: Potion            |     1 |     2 |     4 |       ||     7
       Scroll            |       |       |    11 |       ||    11
Armor: Leather armour    |    13 |    34 |       |       ||    47
       Ring mail         |       |    32 |     6 |       ||    38
       Scale mail        |       |       |   147 |    35 ||   182
       Skin              |       |       |     5 |       ||     5
Dodge: Dodged            |    45 |   114 |   186 |    50 ||   395
Block: Other             |     9 |    36 |    56 |    15 ||   116
